 Dungeon Crawl Stone Soup version 0.28.0-53-g5a82cb258f (webtiles) character file.

Game seed: 6798003156526324197

84 IjonTichy1 the Shooter (level 4, -1/28 HPs)
             Began as a Gnoll Wanderer on June 22, 2022.
             Was a Follower of Hepliaklqana.
             Slain by a gnoll
             ... wielding a +0 club
              (4 damage)
             ... on level 2 of the Dungeon.
             The game lasted 00:06:55 (2117 turns).

IjonTichy1 the Shooter (Gnoll Wanderer)             Turns: 2117, Time: 00:06:57

Health: -1/28      AC:  2    Str:  7    XL:     4   Next: 46%
Magic:  5/8        EV: 12    Int: 21    God:    Hepliaklqana [*.....]
Gold:   30         SH:  0    Dex: 14    Spells: 5/9 levels left

rFire   . . .      SeeInvis .   b - +0 whip (flame)
rCold   . . .      Faith    .   (no shield)
rNeg    . . .      Spirit   .   e - +0 robe
rPois   .          Reflect  .   (no helmet)
rElec   .          Harm     .   (no cloak)
rCorr   .          Rampage  .   (no gloves)
Will    .....                   (no boots)
Stlth   ++........              (no amulet)
HPRegen 0.09/turn               k - +6 ring of intelligence
MPRegen 0.11/turn               (no ring)

@: no status effects
A: reduced essence, fangs 1, strong nose, distributed training
a: Renounce Religion, Recall Ancestor, Ancestor Identity


You were on level 2 of the Dungeon.
You worshipped Hepliaklqana.
Hepliaklqana was aware of your devotion.
You visited 1 branch of the dungeon, and saw 2 of its levels.

You collected 30 gold pieces.

Inventory:

Hand Weapons
 a - a +0 shortbow
 b - a +0 whip of flaming (weapon)
 l - a +0 dagger
Missiles
 c - 8 boomerangs (quivered)
 d - 22 arrows
Armour
 e - a +0 robe (worn)
Jewellery
 k - a +6 ring of intelligence (left hand)
 n - an amulet of guardian spirit
Scrolls
 f - a scroll of teleportation {unknown}
 g - a scroll of blinking {unknown}
 i - a scroll of noise {unknown}
 j - a scroll of acquirement {unknown}
Potions
 h - a potion of heal wounds {unknown}
 m - a potion of brilliance {unknown}


   Skills:
 + Level 1.1 Fighting
 + Level 1.1 Short Blades
 + Level 1.1 Long Blades
 + Level 1.1 Axes
 + Level 1.1 Maces & Flails
 + Level 1.1 Polearms
 + Level 1.1 Staves
 + Level 1.1 Slings
 + Level 6.6 Bows
 + Level 1.1 Crossbows
 + Level 4.6 Throwing
 + Level 1.1 Armour
 + Level 2.7 Dodging
 + Level 1.1 Stealth
 + Level 1.1 Shields
 + Level 1.1 Unarmed Combat
 + Level 3.0 Spellcasting
 + Level 0.9 Conjurations
 + Level 0.9 Hexes
 + Level 0.9 Summonings
 + Level 0.9 Necromancy
 + Level 0.9 Translocations
 + Level 0.9 Transmutations
 + Level 0.9 Fire Magic
 + Level 5.4 Ice Magic
 + Level 0.9 Air Magic
 + Level 0.9 Earth Magic
 + Level 0.9 Poison Magic
 + Level 1.2 Invocations
 + Level 1.1 Evocations


You had 5 spell levels left.
You knew the following spells:

 Your Spells              Type           Power      Damage    Failure   Level
a - Freeze                Ice            100%       1d11      1%          1
b - Ozocubu's Armour      Ice            26%        N/A       4%          3

Your spell library contained the following spells:

 Spells                   Type           Power      Damage    Failure   Level
 Summon Ice Beast         Ice/Summ       16%        N/A       34%         4
 Passage of Golubria      Tloc           7%         N/A       65%         4
 Silence                  Hex/Air        3%         N/A       94%         5
 Lehudib's Crystal Spear  Conj/Erth      3%         10d3      100%        8


Dungeon Overview and Level Annotations

Branches:
Dungeon (2/15)

Altars:
Hepliaklqana


Innate Abilities, Weirdness & Mutations

Your life essence is reduced to manifest your ancestor. (-10% HP)
You have very sharp teeth.
Your uncanny sense of smell can sniff out nearby items.
Your experience applies equally to all skills.


Message History

Xochitl barely misses the gnoll.
Fire: 23 arrows
Press: ? - help, Q - select action, (/) - cycle Shift-Dir - straight line, f/p - gnoll
Aim: a gnoll, wielding a +0 whip (ally target, 65% to hit)
You shoot an arrow. The arrow hits the gnoll.
The gnoll is moderately wounded.
The gnoll hits Xochitl with a +0 whip.
The gnoll hits Xochitl with a +0 club!
Your +0 whip of flaming bursts into flame!
b - a +0 whip of flaming (weapon)
Xochitl closely misses the gnoll.
The gnoll hits you with a +0 whip. The gnoll hits you with a +0 club.
Xochitl barely misses the gnoll.
Casting: Freeze (safe; 1% risk of failure)
Confirm with . or Enter, or press ? or * to list all spells.
Aiming: Freeze (safe; 1% risk of failure)
Press: ? - help, Shift-Dir - straight line, f/p - gnoll
Aim: a gnoll, wielding a +0 whip (moderately wounded, ally target)
You freeze the gnoll.
The gnoll is moderately wounded.
The gnoll hits you with a +0 whip. The gnoll hits you with a +0 club.
Xochitl hits the gnoll.
Casting: Freeze (safe; 1% risk of failure)
Confirm with . or Enter, or press ? or * to list all spells.
Aiming: Freeze (safe; 1% risk of failure)
Press: ? - help, Shift-Dir - straight line, f/p - gnoll
Aim: a gnoll, wielding a +0 whip (severely wounded, ally target)
You freeze the gnoll.
The gnoll is severely wounded.
The gnoll hits you with a +0 whip. The gnoll hits you with a +0 club!
* * * LOW HITPOINT WARNING * * *
Xochitl hits the gnoll.
Casting: Freeze (safe; 1% risk of failure)
Confirm with . or Enter, or press ? or * to list all spells.
Aiming: Freeze (safe; 1% risk of failure)
Press: ? - help, Shift-Dir - straight line, f/p - gnoll
Aim: a gnoll, wielding a +0 whip (almost dead, ally target)
You freeze the gnoll!
You kill the gnoll!
The gnoll hits you with a +0 club.
You die...

...............##.
......................
....##...............
....##..............
....##.............#....
...................#....
...................#....
......................#
......####......@)....#
......# #......Rg((....
......#
#.........##.####
......#
#...............#
#######
######+#.....#.<#
##...รท#..# ##...#..#
.....#... ###.#.#....


You could see the friendly Xochitl the ancestor and a gnoll.

Vanquished Creatures
  2 gnolls
  2 adders (D:2)
  A dart slug (D:1)
  A ball python (D:1)
  5 bats
  3 endoplasms
  A giant cockroach (D:1)
  2 goblins (D:1)
  7 hobgoblins
  3 jackals (D:1)
  3 kobolds (D:1)
  2 quokkas
  3 rats (D:1)
35 creatures vanquished.

Vanquished Creatures (collateral kills)
  A gnoll (D:2)
  A dart slug (D:2)
  A kobold (D:1)
3 creatures vanquished.

Vanquished Creatures (others)
  An ancestor (D:2)
1 creature vanquished.

Grand Total: 39 creatures vanquished

Notes
Turn   | Place    | Note
-------+----------+-------------------------------------------
     0 | D:1      | IjonTichy1 the Gnoll Wanderer began the quest for the Orb.
     0 | D:1      | IjonTichy1 set off with the following items: a +0 shortbow,
                  | 29 arrows, 8 boomerangs, a +0 dagger, a +0 robe; and the
                  | following spell memorised: Freeze; and the following spells
                  | available to memorise: Ozocubu's Armour, Summon Ice Beast
     0 | D:1      | Reached XP level 1. HP: 13/13 MP: 4/4
   392 | D:1      | Reached XP level 2. HP: 13/19 MP: 2/5
   769 | D:1      | Found a faded altar of an unknown god.
   797 | D:1      | Reached XP level 3. HP: 12/25 MP: 1/7
  1262 | D:1      | Prayed at the altar of an unknown god.
  1262 | D:1      | Became a worshipper of Hepliaklqana the Forgotten
  1262 | D:1      | Reached * piety under Hepliaklqana
  1365 | D:1      | Reached skill level 1 in Invocations
  1477 | D:1      | Learned a level 3 spell: Ozocubu's Armour
  1881 | D:2      | Reached skill level 1 in Fighting
  1881 | D:2      | Reached skill level 1 in Short Blades
  1881 | D:2      | Reached skill level 1 in Long Blades
  1881 | D:2      | Reached skill level 1 in Axes
  1881 | D:2      | Reached skill level 1 in Maces & Flails
  1881 | D:2      | Reached skill level 1 in Polearms
  1881 | D:2      | Reached skill level 1 in Staves
  1881 | D:2      | Reached skill level 1 in Slings
  1881 | D:2      | Reached skill level 1 in Crossbows
  1881 | D:2      | Reached skill level 1 in Armour
  1881 | D:2      | Reached skill level 1 in Stealth
  1881 | D:2      | Reached skill level 1 in Shields
  1881 | D:2      | Reached skill level 1 in Unarmed Combat
  1881 | D:2      | Reached skill level 1 in Evocations
  1887 | D:2      | Reached XP level 4. HP: 28/28 MP: 2/8
  2117 | D:2      | Slain by a gnoll

Illustrated notes

Levels and vault maps discovered:
D:1:      tarquinn_simple_flora_water_e, layout_basic,
          hellmonk_ecumenical_altar_arch_garden
D:2:      layout_basic

Skill      XL: |  1  2  3  4 |
---------------+-------------+-----
Invocations    | 1 |  1.2
Fighting       | 1 |  1.1
Short Blades   | 1 |  1.1
Long Blades    | 1 |  1.1
Axes           | 1 |  1.1
Maces & Flails | 1 |  1.1
Polearms       | 1 |  1.1
Staves         | 1 |  1.1
Slings         | 1 |  1.1
Crossbows      | 1 |  1.1
Armour         | 1 |  1.1
Stealth        | 1 |  1.1
Shields        | 1 |  1.1
Unarmed Combat | 1 |  1.1
Evocations     | 1 |  1.1
Spellcasting   | 3 |  3.0
Bows           | |  6.6
Throwing       | |  4.6
Dodging        | |  2.7
Conjurations   | |  0.9
Hexes          | |  0.9
Summonings     | |  0.9
Necromancy     | |  0.9
Translocations | |  0.9
Transmutations | |  0.9
Fire Magic     | |  0.9
Ice Magic      | |  5.4
Air Magic      | |  0.9
Earth Magic    | |  0.9
Poison Magic   | |  0.9

Action                   |  1- 3 |  4- 6 || total
-------------------------+-------+-------++-------
Melee: Dagger            |     9 |       ||     9
       Whip              |    20 |    10 ||    30
       Bite              |     3 |       ||     3
       Punch             |     1 |       ||     1
 Fire: Shortbow          |    14 |     9 ||    23
Throw: Boomerang         |     1 |       ||     1
 Cast: Freeze            |    34 |     3 ||    37
 Stab: Sleeping          |     1 |     1 ||     2
Armor: Robe              |    10 |     1 ||    11
Dodge: Dodged            |    33 |     9 ||    42
